 Dungeon Crawl Stone Soup version 0.27-a0-1187-ge80a49f48c (webtiles) character file.

Game seed: 9017703647293988993

24 DasRunzen the Ducker (level 2, 0/24 HPs)
             Began as a Demigod Gladiator on May 20, 2021.
             Succumbed to an adder's poison
             ... on level 2 of the Dungeon.
             The game lasted 00:00:58 (1388 turns).

DasRunzen the Ducker (Demigod Gladiator)            Turns: 1388, Time: 00:00:59

Health: 0/24       AC:  4    Str: 15    XL:     2   Next: 60%
Magic:  5/5        EV: 12    Int: 10    God:
Gold:   35         SH:  0    Dex: 15    Spells: 2/2 levels left

rFire    . . .     SeeInvis +   a - +0 trident
rCold    . . .     Faith    .   (no shield)
rNeg     + . .     Spirit   .   b - +0 leather armour
rPois    .         Reflect  .   c - +0 helmet
rElec    .         Harm     .   (no cloak)
rCorr    .         Rampage  .   (no gloves)
Will     .....                  (no boots)
Stlth    +.........             (no amulet)
HPRegen  0.08/turn              f - ring of see invisible
MPRegen  0.09/turn              h - ring of positive energy

@: lethally poisoned (0 -> -3)
A: high mp 1, forlorn
a: no special abilities


You were on level 2 of the Dungeon.
You visited 1 branch of the dungeon, and saw 2 of its levels.

You collected 35 gold pieces.

Inventory:

Hand Weapons
 a - a +0 trident (weapon)
Missiles
 d - 3 throwing nets (quivered)
Armour
 b - a +0 leather armour (worn)
 c - a +0 helmet (worn)
Jewellery
 f - a ring of see invisible (left hand)
 h - a ring of positive energy (right hand)
Potions
 e - a potion of haste
 g - a potion of mutation {unknown}
 i - a potion of magic {unknown}
 j - a potion of invisibility {unknown}


   Skills:
 + Level 2.1 Fighting
 + Level 2.9 Polearms
 - Level 1.7 Throwing
 + Level 0.7 Armour
 + Level 2.9 Dodging
 + Level 0.6 Spellcasting


You had 2 spell levels left.
You didn't know any spells.
Your spell library was empty.

Dungeon Overview and Level Annotations

Branches:
Dungeon (2/15)


Innate Abilities, Weirdness & Mutations

Your attributes grow dramatically as you level up.
You have an increased reservoir of magic. (+10% MP)
You shall have no god before yourself.


Message History

You open the door.
An adder and a giant cockroach come into view.
The adder hisses angrily.
There is an open door here.
There is an open door here.
The adder bites you.
You completely miss the adder. The adder barely misses you.
You barely miss the adder. The adder bites you. x2
You closely miss the adder. The adder barely misses you.
You barely miss the adder. The adder bites you. The adder closely misses you.
You miss the adder. The adder bites you but does no damage.
You completely miss the adder. The adder bites you.
The adder bites you but does no damage.
You are too injured to fight recklessly!
You hit the adder.
The adder is moderately wounded.
The adder bites you but does no damage.
You closely miss the adder.
The adder is moderately wounded.
The adder bites you.
* * * LOW HITPOINT WARNING * * *
The adder closely misses you.
You barely miss the adder.
The adder is moderately wounded.
The adder bites you.
* * * LOW HITPOINT WARNING * * *
You are lethally poisoned!
The adder poisons you!
You hit the adder.
The adder is heavily wounded.
* * * LOW HITPOINT WARNING * * *
You feel sick. The adder misses you. x2
You barely miss the adder.
The adder is heavily wounded.
* * * LOW HITPOINT WARNING * * *
You feel sick. The adder completely misses you.
Unknown command.
You hit the adder but do no damage.
The adder is heavily wounded.
You die...

##.## #.###.##.##.# #.#
##....##.##.# #.#
###.......# ##+#
####.#### ##...# #.#
#.....# ###.# .......##
##...#
........####...########
.......BS@.............
........####...######..
.......## ##.## #.....#
#.# ##...# #.# .....
#.# ###. #.# #. #.# #.#


You could see an adder and a giant cockroach.

Vanquished Creatures
  A dart slug (D:1)
  A ball python (D:1)
  4 bats (D:1)
  An endoplasm (D:1)
  2 giant cockroaches (D:1)
  A goblin (D:1)
  3 hobgoblins (D:1)
  3 kobolds (D:1)
  A quokka (D:1)
  2 frilled lizards (D:1)
19 creatures vanquished.

Notes
Turn   | Place    | Note
-------+----------+-------------------------------------------
     0 | D:1      | DasRunzen the Demigod Gladiator began the quest for the
                  | Orb.
     0 | D:1      | Reached XP level 1. HP: 17/17 MP: 3/3
   392 | D:1      | Reached XP level 2. HP: 24/24 MP: 4/4
  1387 | D:2      | HP: 1/24 [poisoned by an adder]
  1388 | D:2      | Succumbed to an adder's poison

Illustrated notes

Levels and vault maps discovered:
D:1:      scummos_arrival_checkerplants, layout_basic,
          hellmonk_ecumenical_altar_leap_of_faith
D:2:      layout_loops_corners, uniq_jessica

Skill      XL: |  1 |
---------------+----+-----
Fighting       | 2 |  2.1
Polearms       | |  2.9
Throwing       | |  1.7
Armour         | |  0.7
Dodging        | |  2.9
Spellcasting   | |  0.6

Action                   || total
-------------------------++-------
Melee: Trident           ||    70
  Use: Scroll            ||     1
 Stab: Sleeping          ||     2
Armor: Leather armour    ||    11
Dodge: Dodged            ||    38

Table legend: (Time is in decaauts)
 A = Elapsed time spent in this place.
 B = Non-inter-level travel time spent in this place.
 C = Inter-level travel time spent in this place.
 D = Time resting spent in this place.
 E = Time spent auto-exploring this place.
 F = Levels seen in this place.
 G = Mean time per level.
                   A        B        C        D        E       F      G
               +--------+--------+--------+--------+--------+-----+--------+
         Total |   1397 |   1361 |     36 |      0 |   1226 |   2 |  698.5 |
       Dungeon |   1397 |   1361 |     36 |      0 |   1226 |   2 |  698.5 |
               +--------+--------+--------+--------+--------+-----+--------+

Top non-repeatable levels by time:
     D:1: 1339 daAuts
     D:2: 58 daAuts
